 Dungeon Crawl Stone Soup version 0.28-a0-1347-g113dc556a4 (webtiles) character file.

Game seed: 9861818545298757932

399 oldriver the Caller (level 6, 24/24 HPs)
             Began as a Felid Summoner on Dec 29, 2021.
             Quit the game on level 4 of the Dungeon.
             The game lasted 00:10:33 (5069 turns).

oldriver the Caller (Felid Summoner)                Turns: 5069, Time: 00:10:34

Health: 24/24      AC:  2    Str:  4    XL:     6   Next: 54%
Magic:  6/14       EV: 17    Int: 18    God:
Gold:   262        SH:  0    Dex: 17    Spells: 5/14 levels left
                                        Lives:  0   Deaths: 1

rFire   . . .      SeeInvis +   (weapon unavailable)
rCold   . . .      Faith    .   (shield unavailable)
rNeg    . . .      Spirit   .   (armour unavailable)
rPois   .          Reflect  .   (helmet unavailable)
rElec   .          Harm     .   (cloak unavailable)
rCorr   .          Rampage  .   (gloves unavailable)
Will    .....                   (boots unavailable)
Stlth   ++........              (no amulet)
HPRegen 0.08/turn               (no ring)
MPRegen 0.14/turn               (no ring)

@: quick
A: very small, claws 1, fangs 3, see invisible, speed 1, shaggy fur 2, stealthy
paws, no weapons or thrown items, no armour, multi-lived
a: no special abilities


You were on level 4 of the Dungeon.
You visited 1 branch of the dungeon, and saw 6 of its levels.

You collected 262 gold pieces.

Inventory:

Wands
 d - a wand of mindburst (9)
 e - a wand of paralysis (2)
 k - a wand of flame (18)
Scrolls
 a - 2 scrolls of teleportation {unknown}
 b - 2 scrolls of vulnerability {unknown}
 c - a scroll of torment {unknown}
 f - a scroll of magic mapping {unknown}
 g - 3 scrolls of identify {unknown}
 j - a scroll of silence {unknown}
Potions
 h - 2 potions of mutation {unknown}
 i - 4 potions of curing {unknown}


   Skills:
 - Level 2.6 Dodging
 - Level 2.6 Stealth
 + Level 4.8 Spellcasting
 + Level 4.7 Hexes
 + Level 6.3 Summonings


You had 5 spell levels left.
You knew the following spells:

 Your Spells              Type           Power      Damage    Failure   Level
a - Summon Small Mammal   Summ           100%       N/A       1%          1
b - Call Imp              Summ           27%        N/A       1%          2
c - Call Canine Familiar  Summ           27%        N/A       3%          3
d - Summon Guardian Gole  Hex/Summ       24%        N/A       4%          3

Your spell library contained the following spells:

 Spells                   Type           Power      Damage    Failure   Level
 Summon Lightning Spire   Summ/Air       15%        N/A       36%         4


Dungeon Overview and Level Annotations

Branches:
Dungeon (6/15)             Temple (0/1) D:5

Altars:
Sif Muna

Annotations:
D:4 Dowan, Duvessa


Innate Abilities, Weirdness & Mutations

You have sharp claws.
You have razor-sharp teeth.
You have supernaturally acute eyesight. (SInv)
You cover ground quickly. (Speed+)
You are covered in thick fur. (AC +2)
Your paws help you pounce on unaware monsters.
You are incapable of wielding weapons or throwing items.
You cannot wear armour.
You gain extra lives every three experience levels.


Message History

Your white imp hits the acid dragon.
Your white imp freezes the acid dragon.
What are your orders? t - Meow!
Orders for allies: a - Attack new target. r - Retreat! s - Stop attacking. g - Guard the area. f - Follow me.
Anything else - Cancel.
Gang up on whom?
Press: ? - help, Dir - move target, f - acid dragon
Aim: an acid dragon (heavily wounded, ally target) Attack!
The acid dragon bites your white imp. The acid dragon claws your white imp.
Your white imp hits the acid dragon.
Your white imp freezes the acid dragon.
Unknown command.
The acid dragon bites your white imp!
Your white imp dies!
Your white imp disappears in a puff of smoke!
A beastly little devil appears in a puff of frigid air.
Your white imp says, "I'm here!"
The acid dragon roars!
What are your orders? t - Meow!
Orders for allies: a - Attack new target. r - Retreat! s - Stop attacking. g - Guard the area. f - Follow me.
Anything else - Cancel.
Gang up on whom?
Press: ? - help, Dir - move target, f - acid dragon
Aim: an acid dragon (severely wounded, ally target) Attack!
The acid dragon spits acid at you.
The splash of acid hits your white imp!!
The acid corrodes your white imp!
Your white imp dies!
Your white imp disappears in a puff of smoke!
There is a stone staircase leading up here.
You climb upwards.
Level annotation: Dowan, Duvessa
There is a stone staircase leading down here.
Are you sure you want to abandon this character and quit the game? (Confirm with "yes".)

##.................###.##
##.###.............##
#..#
#..###.............##
##..
###.##..............# ..
##.............#........
##.....####..####..####
##....####....## .##
#..#.###.......# .#
#.##.#@.####.#.####
###.##### ##.....# ##.#
#.##.#.# ## ### ####


There were no monsters in sight!

Vanquished Creatures
  A ball python (D:4)
  3 bats
  A giant cockroach (D:1)
  A hobgoblin (D:4)
  A quokka (D:2)
  A rat (D:3)
8 creatures vanquished.

Vanquished Creatures (collateral kills)
  2 water moccasins (D:5)
  A necrophage (D:5)
  Blork the orc (D:5)
  A howler monkey (D:3)
  An orc priest (D:5)
  An iguana (D:5)
  A scorpion zombie (D:5)
  A hound skeleton (D:5)
  3 adders
  2 worms
  3 dart slugs
  4 orcs
  7 endoplasms
  4 giant cockroaches
  5 goblins
  8 hobgoblins
  3 jackals (D:1)
  8 kobolds
  A quokka (D:1)
  7 ball pythons
  3 bats
  3 frilled lizards
  2 rats
72 creatures vanquished.

Grand Total: 80 creatures vanquished

Notes
Turn   | Place    | Note
-------+----------+-------------------------------------------
     0 | D:1      | oldriver the Felid Summoner began the quest for the Orb.
     0 | D:1      | Reached XP level 1. HP: 7/7 MP: 4/4
   173 | D:1      | Reached XP level 2. HP: 11/11 MP: 3/6
   666 | D:1      | Learned a level 2 spell: Call Imp
   740 | D:1      | Reached XP level 3. HP: 14/14 MP: 5/8
  1030 | D:2      | Learned a level 3 spell: Call Canine Familiar
  1995 | D:3      | Reached XP level 4. HP: 17/18 MP: 3/9
  2132 | D:3      | Reached skill level 5 in Summonings
  2856 | D:3      | Found a shimmering blue altar of Sif Muna.
  3027 | D:3      | Reached XP level 5. HP: 21/21 MP: 8/11
  3154 | D:3      | Found a faded altar of an unknown god.
  3163 | D:3      | Learned a level 3 spell: Summon Guardian Golem
  3255 | D:4      | Noticed Duvessa
  3273 | D:4      | Noticed Dowan
  3719 | D:4      | Noticed a sky beast
  3791 | D:5      | Entered Level 5 of the Dungeon
  3811 | D:5      | Noticed a necrophage
  3828 | D:5      | Killed a necrophage
  3919 | D:5      | Noticed Blork the orc
  3973 | D:5      | Killed Blork the orc
  3974 | D:5      | Gained mutation: You are covered in thick fur. (AC +2)
                  | [Felid growth]
  3974 | D:5      | Reached XP level 6. HP: 16/24 MP: 2/13
  4236 | D:5      | Noticed a water moccasin
  4250 | D:5      | Killed a water moccasin
  4251 | D:5      | Reached skill level 6 in Summonings
  4331 | D:5      | Noticed an acid dragon
  4342 | D:5      | HP: 1/24 [acid dragon/splash of acid (23)]
  4412 | D:5      | Killed from afar by an acid dragon
  4413 | D:5      | Reached XP level 5. HP: -14/21 MP: 12/12
  4593 | D:5      | Noticed a water moccasin
  4613 | D:5      | Killed a water moccasin
  4614 | D:5      | Reached XP level 6. HP: 24/24 MP: 11/14
  4707 | D:5      | Found a staircase to the Ecumenical Temple.
  5069 | D:4      | Quit the game

Illustrated notes

Levels and vault maps discovered:
D:1:      dpeg_arrival_windows_large_door, layout_rooms, minmay_pentomino_o2
D:2:      layout_loops_ring
D:3:      layout_loops_ring, lemuel_round_altar,
          dilly_ecumenical_altar_fadedgnrine, kennysheep_path_1,
          minmay_diced_spiral
D:4:      layout_layer_cave, uniq_duvessa
D:5:      layout_basic, minmay_temple_entry_wispy, minmay_misc_feat_cross,
          uniq_blork_the_orc
D:6:      layout_basic, serial_shops, shop_coins

Skill      XL: |  1  2  3  4  5  6 |
---------------+-------------------+-----
Spellcasting   | 3 4 |  4.8
Summonings     | 5 6 |  6.3
Hexes          | 4 3 |  4.7
Dodging        | |  2.6
Stealth        | |  2.6

Action                   |  1- 3 |  4- 6 || total
-------------------------+-------+-------++-------
Melee: Unarmed           |    32 |    22 ||    54
       Bite              |     2 |     2 ||     4
 Cast: Summon Small Mamm |    39 |     8 ||    47
       Call Imp          |    17 |    44 ||    61
       Call Canine Famil |     1 |    18 ||    19
Armor: Skin              |     4 |     5 ||     9
Dodge: Dodged            |    57 |    31 ||    88

Table legend: (Time is in decaauts)
 A = Elapsed time spent in this place.
 B = Non-inter-level travel time spent in this place.
 C = Inter-level travel time spent in this place.
 D = Time resting spent in this place.
 E = Time spent auto-exploring this place.
 F = Levels seen in this place.
 G = Mean time per level.
                   A        B        C        D        E       F      G
               +--------+--------+--------+--------+--------+-----+--------+
         Total |   4478 |   4400 |     78 |    200 |   3077 |   6 |  746.3 |
       Dungeon |   4478 |   4400 |     78 |    200 |   3077 |   6 |  746.3 |
               +--------+--------+--------+--------+--------+-----+--------+

Top non-repeatable levels by time:
     D:3: 1236 daAuts
     D:5: 1115 daAuts
     D:1: 927 daAuts
     D:2: 752 daAuts
     D:4: 434 daAuts
     D:6: 13 daAuts
